Map: Tokamak LE

Players

Zoun - Winner!

  • Race: Protoss Protoss
  • Spawn Location: 7:00

Reynor

  • Race: Zerg Zerg
  • Spawn Location: 1:00

Event: Esports World Cup 2025

VOD

Have the link to the VOD?

Description

Time

  • Played on: July 24, 2025, 6:02 a.m.
  • Length: 21:59

All games in this series

Show
View Real Time Build Order
Export as new Build Order

Zoun Protoss - Winner!

Build Orders: 1 Gate Expand, Oracle Opening, Phoenix Opening 

Get SALT Encoding   

  12  0:00  Probe  
  13  0:12  Probe  
  14  0:19  Pylon  
  14  0:24  Probe  
  15  0:33  Probe  
  15  0:39  Gateway  
  15  0:41  Probe  
  16  0:48  Assimilator  
  17  0:51  Probe  
  18  1:03  Probe  
  19  1:16  Probe  
  20  1:25  Nexus  
  20  1:37  Cybernetics Core  
  20  1:39  Probe  
  21  1:47  Assimilator  
  21  1:51  Probe  
  22  1:55  Pylon  
  22  2:03  Probe, Adept  
  25  2:15  Probe  
  25  2:17  Stargate  
  26  2:26  Warp Gate  
  26  2:27  Probe  
  27  2:33  Probe, Adept  
  27  2:35  Probe  
  29  2:41  Probe  
  29  2:43  Probe  
  32  2:51  Probe  
  32  2:54  Probe  
  32  2:58  Phoenix  
  34  3:03  Probe  
  37  3:06  Probe  
  37  3:12  Gateway  
  38  3:15  Oracle, Probe, Adept  
  38  3:18  Probe  
  45  3:27  Pylon  
  45  3:30  Probe  
  46  3:43  Twilight Council  
  46  3:45  Probe  
  46  3:46  Probe  
  48  3:56  Gateway  
  48  3:57  Gateway  
  48  3:58  Probe  
  48  4:00  Resonating Glaives  
  48  4:01  Probe  
  50  4:09  Nexus  
  50  4:13  Pylon  
  50  4:14  Probe  
  51  4:18  Probe  
  51  4:21  Oracle  
  52  4:26  Probe  
  56  4:31  Shield Battery  
  56  4:32  Probe  
  56  4:38  Probe, Adept x2  
  62  4:46  Pylon  
  62  4:53  Assimilator x2  
  62  4:59  Pylon  
  62  5:04  Probe x2  
  62  5:05  Adept x2  
  62  5:07  Adept  
  70  5:10  Pylon  
  70  5:17  Probe  
  70  5:19  Probe, Adept  
  74  5:22  Probe  
  75  5:29  Probe  
  75  5:31  Probe, Adept  
  75  5:32  Adept x2  
  75  5:34  Probe  
  84  5:39  Probe, Templar Archives  
  84  5:42  Probe x2  
  85  5:47  Probe  
  85  5:48  Pylon  
  87  5:50  Probe  
  87  5:54  Probe  
  87  5:55  Probe  
  89  6:00  Probe  
  92  6:07  Probe x2  
  92  6:11  Gateway  
  92  6:12  Probe  
  92  6:13  Psionic Storm, Gateway  
  89  6:18  Gateway  
  89  6:19  Probe x2  
  89  6:21  Gateway  
  89  6:22  Assimilator  
  89  6:24  Probe  
  86  6:27  Assimilator  
  86  6:28  Blink  
  86  6:31  Probe  
  86  6:32  Pylon  
  87  6:34  Robotics Facility  
  87  6:37  Stalker x4  
  91  6:50  Forge  
  91  6:58  Shield Battery  
  91  7:06  High Templar x2  
  95  7:09  High Templar  
  95  7:13  Pylon x2  
  97  7:17  Protoss Ground Weapons Level 1, High Templar  
  97  7:20  Probe x3  
  102  7:26  Nexus  
  102  7:27  Immortal  
  102  7:28  Pylon  
  103  7:32  Stalker x3  
  109  7:46  Photon Cannon  
  109  7:50  Stalker x4  
  117  7:53  Gateway, Shield Battery  
  117  7:55  Gateway, Photon Cannon  
  117  7:58  Stalker x2, Photon Cannon  
  117  8:03  Stalker  
  117  8:04  Stalker  
  125  8:07  Immortal  
  125  8:08  Shield Battery  
  125  8:19  Stalker, Charge  
  131  8:30  Probe x2  
  131  8:32  Probe  
  134  8:39  Warp Prism  
  134  8:43  Stalker x5  
  134  8:44  Stalker  
  148  8:50  Stalker x3  
  154  9:01  Stalker  
  156  9:10  Observer  
  156  9:15  Stalker x4  
  156  9:16  Stalker  
  156  9:25  Pylon x2  
  156  9:29  Observer  
  155  9:31  Fleet Beacon  
  155  9:35  Probe  
  156  9:43  Probe  
  156  9:44  Assimilator  
  157  9:46  Assimilator  
  157  9:47  Pylon  
  157  9:52  Zealot x8  
  161  9:53  Zealot x2  
  161  9:57  Stargate  
  155  10:14  Zealot x10  
  135  10:22  Probe x2  
  135  10:23  Tempest  
  121  10:34  Probe  
  112  10:35  High Templar  
  112  10:36  Tempest  
  112  10:37  Zealot x9  
  112  10:39  Protoss Ground Weapons Level 2  
  112  10:40  Probe x2  
  132  10:51  Observer, Stargate  
  133  10:57  Photon Cannon, Tempest  
  133  10:58  Photon Cannon, High Templar x3  
  133  11:01  Sentry  
  139  11:04  Zealot x3  
  139  11:05  Tempest  
  149  11:11  Observer, Zealot  
  151  11:22  Observer  
  151  11:25  Shield Battery  
  155  11:27  Tempest  
  153  11:35  Photon Cannon  
  153  11:37  Photon Cannon  
  153  11:38  Shield Battery  
  156  11:48  Observer, High Templar x2  
  156  11:49  Zealot x6  
  156  11:52  Archon  
  156  11:54  Observer  
  173  11:55  Tempest  
  173  12:01  Stalker  
  175  12:09  Observer  
  175  12:12  Immortal  
  175  12:14  Pylon  
  175  12:15  Pylon  
  163  12:16  Stalker x5, Zealot  
  173  12:23  Protoss Air Weapons Level 1  
  173  12:35  Zealot x4  
  178  12:45  Protoss Ground Weapons Level 3  
  178  12:49  High Templar  
  175  12:56  Zealot x5  
  175  12:57  Immortal  
  189  13:01  Unknown  
  189  13:05  Pylon  
  185  13:13  Stalker x2  
  185  13:19  Nexus  
  189  13:20  Pylon, Stalker  
  189  13:21  Stalker  
  193  13:28  Pylon  
  193  13:31  Oracle  
  188  13:47  Observer  
  197  13:51  Robotics Facility  
  197  13:53  Photon Cannon  
  197  13:56  Mothership  
  197  13:58  Photon Cannon  
  193  14:03  Shield Battery  
  193  14:06  Shield Battery  
  193  14:08  Photon Cannon  
  191  14:10  Photon Cannon  
  181  14:18  Zealot x3  
  181  14:19  Stalker x2  
  181  14:23  Zealot x4  
  199  14:30  Zealot  
  186  14:43  High Templar x4  
  186  14:52  Zealot x6  
  188  15:09  Probe x3  
  188  15:14  Photon Cannon, Zealot x5  
  183  15:15  Tempest, Photon Cannon, Zealot  
  196  15:24  Probe  
  196  15:27  Tempest x2  
  191  15:37  Zealot x5  
  197  15:45  Probe x2  
  197  15:46  Observer  
  197  15:48  Pylon  
  183  15:51  High Templar x2  
  183  15:52  High Templar x2  
  183  15:54  Zealot  
  179  16:01  High Templar x4  
  179  16:03  Observer  
  179  16:04  Observer  
  189  16:07  Archon x2  
  189  16:10  Zealot  
  191  16:12  Photon Cannon  
  191  16:13  Photon Cannon  
  191  16:15  Protoss Ground Armor Level 1, Assimilator x2, Zealot  
  193  16:24  Zealot x3  
  199  16:32  Zealot x2  
  179  16:36  Observer  
  179  16:38  Zealot x4  
  179  16:39  Zealot  
  167  16:46  Zealot x3  
  171  16:52  Observer  
  171  16:54  Observer  
  171  16:56  Stalker x2  
  171  17:00  Observer, High Templar x4  
  183  17:02  Photon Cannon  
  183  17:05  Protoss Air Weapons Level 2, Archon  
  181  17:09  Photon Cannon  
  181  17:11  Photon Cannon  
  181  17:12  Observer  
  181  17:13  High Templar  
  181  17:14  High Templar x3  
  189  17:17  Archon  
  189  17:19  Zealot  
  189  17:20  Observer, Zealot  
  183  17:31  Observer  
  183  17:35  Observer  
  179  17:43  Archon x2  
  178  17:46  Zealot x4  
  178  17:47  Pylon  
  186  17:54  High Templar x4  
  194  17:58  Archon  
  194  17:59  Archon  
  194  18:05  High Templar, Zealot  
  198  18:07  Zealot x2  
  187  18:17  Zealot x2  
  187  18:18  Tempest x3  
  187  18:23  Observer  
  187  18:26  Observer  
  182  18:31  Observer  
  177  18:37  Zealot x6  
  177  18:39  Observer  
  175  19:01  Nexus  
  175  19:02  High Templar x4  
  183  19:04  Pylon  
  183  19:05  Observer, Probe  
  183  19:07  Archon x2  
  183  19:11  High Templar  
  183  19:15  Photon Cannon  
  185  19:22  Shield Battery  
  185  19:24  Photon Cannon  
  185  19:30  High Templar  
  187  19:33  Probe x2, Assimilator  
  189  19:44  Observer  
  181  19:55  Zealot x6  
  193  20:00  Pylon  
  193  20:04  Photon Cannon, Zealot  
  193  20:05  Photon Cannon  
  194  20:09  Stalker  
  184  20:16  Zealot x3  
  182  20:23  Zealot x3  
  177  20:40  Tempest x3  
  181  20:45  High Templar x2, Zealot x2  
  187  20:50  Observer x2, Archon  
  187  20:53  Pylon  
  185  21:02  High Templar x2  
  189  21:11  Observer  
  189  21:12  Zealot x4  
  194  21:35  Zealot x3  
  192  21:48  Zealot x4  
Show
View Real Time Build Order
Export as new Build Order

Reynor Zerg 

Build Orders: Hatch First, Lurkers, Roach Hydra 

Get SALT Encoding   

  12  0:00  Drone  
  13  0:08  Drone  
  14  0:14  Extractor  
  14  0:15  Drone  
  15  0:21  Overlord  
  15  0:41  Hatchery  
  14  0:45  Drone  
  14  0:49  Drone  
  16  0:53  Drone  
  17  0:57  Drone  
  18  1:07  Extractor  
  17  1:13  Spawning Pool  
  17  1:16  Drone  
  17  1:21  Drone  
  18  1:28  Drone  
  19  1:39  Drone  
  20  1:50  Drone  
  20  1:53  Drone  
  22  2:00  Queen x2  
  26  2:02  Overlord  
  26  2:06  Zergling x2  
  27  2:12  Zergling x2  
  28  2:20  Metabolic Boost  
  28  2:21  Drone  
  28  2:22  Drone  
  30  2:26  Drone  
  31  2:33  Drone  
  31  2:36  Queen  
  34  2:46  Hatchery  
  34  2:50  Overlord  
  33  2:52  Drone  
  33  2:55  Drone  
  33  2:56  Zergling x2  
  36  3:10  Drone x3  
  36  3:11  Overlord  
  36  3:12  Zergling x4  
  41  3:15  Drone x2  
  41  3:17  Drone  
  44  3:27  Spore Crawler  
  44  3:28  Drone, Queen  
  44  3:32  Overlord  
  44  3:34  Drone  
  47  3:35  Drone  
  47  3:41  Drone x3  
  51  3:45  Spore Crawler  
  51  3:47  Overlord  
  50  3:48  Drone  
  50  3:52  Drone x2  
  54  3:55  Zergling x2  
  54  3:56  Drone  
  54  4:00  Drone x2  
  57  4:05  Queen  
  57  4:08  Drone  
  60  4:11  Drone, Spore Crawler  
  60  4:16  Drone x3  
  63  4:18  Zergling x4  
  63  4:20  Drone  
  63  4:22  Drone  
  63  4:23  Drone  
  68  4:25  Overlord  
  68  4:30  Drone  
  68  4:31  Drone  
  70  4:32  Roach Warren  
  70  4:37  Overlord  
  68  4:38  Drone  
  68  4:41  Lair  
  68  4:42  Overlord, Extractor  
  68  4:44  Drone  
  69  4:46  Drone  
  69  4:47  Drone x2  
  69  4:49  Drone  
  69  4:52  Overlord  
  73  4:59  Drone, Overlord  
  74  5:00  Extractor  
  74  5:02  Extractor  
  74  5:04  Drone x2  
  74  5:06  Overlord  
  74  5:15  Drone x3  
  74  5:18  Overlord, Hatchery  
  74  5:19  Drone  
  74  5:20  Drone x2  
  78  5:21  Drone x2  
  79  5:29  Drone x4  
  79  5:30  Drone  
  79  5:32  Extractor  
  79  5:33  Drone  
  79  5:35  Extractor  
  82  5:36  Evolution Chamber  
  82  5:39  Roach x2  
  82  5:40  Roach x3  
  90  5:44  Queen, Roach  
  90  5:46  Evolution Chamber  
  90  5:48  Roach x2  
  96  5:53  Overlord  
  96  5:59  Roach x3  
  96  6:03  Roach  
  96  6:04  Roach  
  100  6:07  Drone x2, Overlord  
  100  6:08  Drone  
  100  6:10  Drone x2, Zerg Missile Weapons Level 1  
  102  6:13  Drone x2  
  99  6:19  Drone x2  
  99  6:20  Glial Reconstitution  
  99  6:23  Drone x2  
  102  6:27  Evolution Chamber  
  101  6:34  Roach x4  
  101  6:37  Overlord  
  101  6:39  Drone x2  
  110  6:44  Drone x4  
  110  6:45  Drone x2, Infestation Pit  
  116  6:47  Queen  
  116  6:49  Drone  
  116  6:53  Overlord  
  119  6:56  Drone x2  
  119  6:57  Zergling x2, Roach  
  124  7:02  Overseer, Roach, Spore Crawler  
  124  7:04  Roach x2  
  124  7:05  Zergling x2  
  124  7:07  Roach  
  124  7:08  Zergling x2, Roach  
  134  7:10  Drone  
  134  7:12  Drone x2  
  138  7:16  Drone x3  
  138  7:18  Drone, Extractor  
  138  7:19  Extractor  
  138  7:20  Overlord  
  138  7:21  Hydralisk Den  
  139  7:27  Zergling x2, Hive, Roach x2  
  139  7:29  Overlord  
  144  7:34  Drone x5  
  149  7:38  Zergling x10  
  149  7:42  Drone x3  
  149  7:43  Overlord  
  157  7:45  Overlord  
  157  7:46  Zergling x2  
  157  7:49  Drone x2  
  157  7:51  Overlord  
  160  7:54  Muscular Augments  
  160  7:55  Drone  
  160  7:57  Lurker Den  
  160  8:01  Overlord  
  160  8:16  Hydralisk x12  
  178  8:25  Pneumatized Carapace  
  178  8:26  Drone x2  
  180  8:27  Overlord  
  180  8:32  Overlord  
  180  8:33  Hatchery  
  179  8:40  Overlord  
  179  8:43  Zerg Missile Weapons Level 2  
  179  8:44  Drone x2  
  179  8:46  Evolution Chamber  
  179  8:48  Spine Crawler  
  179  8:53  Hydralisk x4  
  187  8:57  Zergling x22  
  187  8:58  Lurker  
  187  8:59  Lurker, Overlord  
  187  9:02  Grooved Spines  
  198  9:16  Hydralisk x10  
  172  9:22  Hydralisk, Zergling x6  
  172  9:23  Zergling x2  
  190  9:27  Lurker x2  
  190  9:28  Lurker  
  190  9:29  Hydralisk x2  
  190  9:30  Zergling x4  
  197  9:42  Zerg Melee Weapons Level 1  
  187  9:46  Zergling x20  
  187  9:52  Hydralisk  
  190  9:54  Extractor x2  
  190  9:56  Hydralisk x3  
  188  10:00  Adaptive Talons  
  188  10:02  Hydralisk x2  
  188  10:03  Hydralisk x2, Zergling x4  
  188  10:04  Zergling x2  
  179  10:08  Hydralisk x2  
  179  10:12  Hydralisk x2  
  179  10:13  Zergling x2  
  165  10:16  Hydralisk  
  165  10:17  Zergling x6  
  165  10:19  Hydralisk  
  155  10:23  Zergling x6  
  155  10:27  Hydralisk x2  
  150  10:28  Hydralisk x2  
  150  10:34  Hydralisk x2, Zergling x4  
  148  10:38  Hydralisk, Zergling x4  
  148  10:42  Drone x3  
  155  10:45  Lurker x4  
  158  10:50  Zergling x10  
  158  10:57  Drone x2, Seismic Spines, Spine Crawler  
  162  10:58  Lurker  
  162  10:59  Hydralisk  
  162  11:01  Hydralisk x2  
  162  11:02  Zergling x2  
  171  11:05  Lurker  
  171  11:06  Hydralisk  
  171  11:07  Zergling x6  
  177  11:14  Hydralisk x2, Overseer  
  181  11:21  Lurker x2  
  181  11:23  Zergling x6  
  181  11:24  Zergling x2  
  187  11:26  Overlord  
  187  11:28  Hydralisk x4  
  195  11:37  Lurker x2  
  197  11:46  Nydus Network  
  196  11:52  Adrenal Glands  
  196  12:00  Hydralisk x3  
  199  12:03  Hatchery  
  199  12:05  Drone x3  
  197  12:09  Drone x2  
  197  12:10  Drone x2  
  197  12:14  Zerg Melee Weapons Level 2, Zerg Missile Weapons Level 3  
  195  12:19  Hydralisk, Spire  
  195  12:20  Zergling x8  
  196  12:27  Spine Crawler  
  195  12:30  Hydralisk x2  
  182  12:46  Nydus Canal  
  182  12:49  Drone x4  
  179  12:52  Drone x6  
  179  12:56  Overseer  
  185  12:59  Hydralisk x5  
  185  13:00  Hydralisk x2, Zergling x4  
  185  13:03  Drone x3, Hatchery  
  199  13:07  Overseer x3  
  199  13:08  Overseer  
  199  13:11  Drone  
  200  13:19  Nydus Network  
  199  13:31  Lurker x3  
  194  13:44  Overseer  
  194  13:56  Zergling x10  
  199  14:07  Hatchery, Zerg Flyer Weapons Level 1  
  198  14:10  Unknown  
  198  14:13  Overseer  
  198  14:16  Nydus Canal  
  189  14:28  Nydus Canal  
  184  14:32  Lurker x4  
  184  14:33  Hydralisk x6  
  200  14:43  Hydralisk, Zergling x10  
  200  14:44  Zergling x2  
  200  14:45  Nydus Canal  
  194  14:55  Nydus Canal  
  194  14:59  Hydralisk, Zergling x6  
  200  15:00  Zergling x2  
  188  15:08  Hydralisk x5  
  188  15:14  Nydus Canal  
  191  15:15  Overlord  
  191  15:18  Hydralisk x5  
  191  15:19  Hydralisk x2  
  197  15:24  Overlord  
  197  15:31  Hydralisk, Drone  
  200  15:36  Overlord  
  200  15:38  Overlord  
  188  15:43  Zergling x2  
  188  15:44  Overlord  
  188  15:49  Hydralisk x3  
  170  15:50  Zergling x30  
  170  15:54  Lurker x5  
  170  15:55  Hydralisk x4  
  188  16:01  Lurker x3  
  188  16:02  Hydralisk  
  188  16:03  Zergling x6  
  188  16:04  Hydralisk x3  
  189  16:07  Hydralisk x4  
  189  16:09  Nydus Canal  
  199  16:14  Hatchery  
  199  16:15  Zerg Melee Weapons Level 3  
  199  16:17  Zergling x2  
  199  16:18  Nydus Canal  
  199  16:22  Overseer x2  
  199  16:26  Nydus Canal  
  199  16:29  Hydralisk x8  
  190  16:36  Hydralisk x2  
  190  16:37  Hydralisk x6  
  185  16:40  Hydralisk  
  185  16:44  Queen x2  
  180  16:47  Nydus Canal  
  180  16:48  Nydus Canal  
  180  16:50  Hydralisk x3, Zergling x2  
  180  16:51  Zergling x4  
  186  16:55  Lurker x6  
  186  16:59  Zergling x8  
  196  17:01  Overlord  
  196  17:02  Overlord  
  196  17:05  Lurker x2  
  196  17:07  Overseer x2  
  196  17:08  Queen  
  191  17:10  Zergling x6  
  191  17:13  Overlord  
  195  17:18  Nydus Canal  
  195  17:21  Hydralisk x5  
  195  17:22  Zergling x2  
  200  17:28  Hydralisk  
  198  17:30  Nydus Canal  
  198  17:33  Zergling x4  
  197  17:47  Zergling x2  
  197  17:48  Zergling x4  
  197  17:49  Nydus Canal  
  200  17:53  Overseer x3  
  197  17:59  Nydus Canal  
  187  18:07  Hydralisk x6, Zergling x2  
  187  18:11  Hydralisk x8  
  187  18:12  Zergling x6  
  197  18:13  Overseer  
  197  18:15  Hydralisk x2  
  197  18:16  Zergling x6  
  197  18:17  Hydralisk x3  
  197  18:18  Hydralisk  
  190  18:20  Hydralisk x3  
  196  18:32  Hydralisk x4  
  195  18:35  Overlord x3  
  195  18:37  Overlord x2  
  195  18:40  Overlord  
  175  18:47  Hydralisk x2  
  175  18:48  Zergling x8  
  181  18:53  Overlord  
  178  18:57  Lurker x3  
  178  18:58  Lurker x2  
  178  18:59  Overseer  
  178  19:01  Lurker x2  
  178  19:02  Overseer  
  185  19:04  Extractor  
  185  19:05  Zergling x16  
  185  19:07  Hatchery  
  185  19:08  Hydralisk x4  
  185  19:09  Zergling x2  
  200  19:19  Overlord  
  200  19:30  Extractor  
  197  19:31  Extractor  
  190  19:47  Hydralisk x5  
  191  19:54  Zergling x16  
  199  20:10  Nydus Canal  
  199  20:11  Nydus Canal  
  194  20:15  Hydralisk x4  
  194  20:16  Zergling x2  
  194  20:17  Overlord x2  
  194  20:18  Overseer x6  
  193  20:26  Hydralisk x9, Hatchery  
  193  20:27  Zergling x2  
  194  20:35  Hydralisk x2, Zergling x2  
  170  20:37  Hydralisk x2  
  157  20:43  Hydralisk x3  
  157  20:44  Zergling x2  
  157  20:49  Hydralisk  
  157  20:50  Hydralisk, Zergling x4  
  157  20:52  Hydralisk  
  163  21:05  Lurker x2, Zergling x2  
  163  21:06  Zergling x8  
  163  21:10  Nydus Canal  
  170  21:12  Hydralisk  
  170  21:13  Zergling x4  
  170  21:15  Drone x2  
  170  21:18  Drone x2  
  176  21:23  Hydralisk  
  176  21:24  Hydralisk  
  174  21:35  Hydralisk x3  
  174  21:37  Overseer x7  
Tags
 
Add a new tag
Caveats
  • Supply blocks, unpowered buildings, or Contaminate may cause inaccurate times.
  • Supply counts are checked every 10 seconds.